 Dungeon Crawl Stone Soup version 0.23.2-40-g277498a001 (webtiles) character file.

Game seed: 7122605387561823296

108 BinkBink the Poker (level 4, -14/34 HPs)
             Began as a Demonspawn Gladiator on Sept 8, 2019.
             Was an Initiate of Dithmenos.
             Killed from afar by a raiju (18 damage)
             ... with a living lightning
             ... on level 1 of the Abyss.
             The game lasted 00:04:11 (2816 turns).

BinkBink the Poker (Demonspawn Gladiator)           Turns: 2816, Time: 00:04:12

Health: -14/34     AC:  9    Str: 14    XL:     4   Next: 58%
Magic:  4/4        EV:  4    Int:  9    God:    Dithmenos [......]
Gold:   163        SH:  7    Dex: 16    Spells: 3/3 levels left

rFire    . . .     SeeInvis .   a - +0 trident
rCold    . . .     Gourm    .   o - +0 shield
rNeg     . . .     Faith    .   h - +0 chain mail
rPois    .         Spirit   .   c - +0 helmet
rElec    .         Reflect  .   (no cloak)
rCorr    .         Harm     .   (no gloves)
MR       .....                  (no boots)
Stlth    ..........             (no amulet)
HPRegen  0.11/turn              (no ring)
MPRegen  0.09/turn              (no ring)

@: no status effects
A: nightstalker 1
a: Renounce Religion


You were on level 1 of the Abyss.
You worshipped Dithmenos.
Dithmenos was noncommittal.
You were not hungry.

You visited 1 branch of the dungeon, and saw 3 of its levels.
You visited the Abyss 1 time.

You collected 163 gold pieces.

Inventory:

Hand Weapons
 a - a +0 trident (weapon)
Missiles
 d - 3 throwing nets (quivered)
Armour
 b - a +0 leather armour
 c - a +0 helmet (worn)
 h - a +0 chain mail (worn)
 o - a +0 shield (worn)
Wands
 q - a wand of digging (5)
 t - a wand of flame (19)
Scrolls
 e - a scroll of amnesia {unknown}
 g - a scroll of identify {unknown}
 j - 8 scrolls of teleportation {unknown}
 l - a scroll of fear {unknown}
 m - 2 scrolls of remove curse {unknown}
 n - 3 scrolls of enchant weapon {unknown}
 r - a scroll of enchant armour {unknown}
 s - a scroll of blinking {unknown}
Potions
 i - a potion of curing {unknown}
 k - a potion of heal wounds {unknown}
 p - a potion of cancellation {unknown}
Comestibles
 f - 6 rations


   Skills:
 + Level 2.5 Fighting
 + Level 3.6 Polearms
 + Level 1.9 Throwing
 + Level 1.1 Armour
 + Level 3.5 Dodging
 + Level 0.4 Stealth


You had 3 spell levels left.
You didn't know any spells.
Your spell library was empty.

Dungeon Overview and Level Annotations

Branches:
Dungeon (3/15)

Altars:
Dithmenos
Elyvilon
The Shining One
Lugonu


Innate Abilities, Weirdness & Mutations

You are slightly more attuned to the shadows.


Message History

Killing monsters will force the Abyss to allow you passage.
This branch contains the abyssal rune of Zot.
Found 18 stones.
You start resting.
A raiju comes into view.
Found 16 stones.
You open the door.
There is an open door, spattered with blood here.
The raiju barks!
A raiju comes into view.
The raiju barks!
You hear a bark! x2
The raiju bursts into living lightning!
The living lightning misses the raiju.
The living lightning hits you!
* * * LOW HITPOINT WARNING * * *
The raiju blinks!
A raiju comes into view.
The raiju bursts into living lightning!
The living lightning hits you!!
Ouch! That really hurt!
You die...

#.......##.....#
#........ ..#.##
#.......###.#..#.
#......##... .
#.....#..## .#.#.
#.....#... .. ..
#h.....# # .#. .
####......# # ##.
#..@.h...## .#. .
######..#.. # .
.....#.##....
.§.h....'∩....
..... ##.... ...
##h. . #( . #. .
# #


You could see 2 raiju.

Vanquished Creatures
  Ijyb (D:3)
  2 adders (D:2)
  A leopard gecko (D:1)
  2 orcs
  5 giant cockroaches
  2 goblins (D:2)
  8 hobgoblins
  7 jackals
  A quokka (D:2)
  A ball python (D:2)
  7 bats
  4 frilled lizards
  7 kobolds
  13 rats
61 creatures vanquished.

Notes
Turn   | Place    | Note
-------+----------+-------------------------------------------
     0 | D:1      | BinkBink the Demonspawn Gladiator began the quest for the
                  | Orb.
     0 | D:1      | Reached XP level 1. HP: 16/16 MP: 1/1
   602 | D:1      | Gained mutation: You are slightly more attuned to the
                  | shadows. [demonic ancestry]
   602 | D:1      | Reached XP level 2. HP: 22/22 MP: 2/2
  1083 | D:2      | Reached XP level 3. HP: 28/28 MP: 3/3
  1095 | D:2      | Found a faded altar of an unknown god.
  1313 | D:2      | Became a worshipper of Lugonu the Unformed
  1313 | D:2      | Reached * piety under Lugonu
  1313 | D:2      | Reached ** piety under Lugonu
  2069 | D:2      | Reached skill level 1 in Armour
  2235 | D:3      | Reached XP level 4. HP: 34/34 MP: 4/4
  2528 | D:3      | Found a shadowy altar of Dithmenos.
  2540 | D:3      | Fell from the grace of Lugonu
  2540 | D:3      | Became a worshipper of Dithmenos the Shadowed
  2564 | D:3      | Noticed Ijyb
  2589 | D:3      | Killed Ijyb
  2699 | D:3      | Found a glowing golden altar of the Shining One.
  2699 | D:3      | Found a shadowy altar of Dithmenos.
  2700 | D:3      | Found a white marble altar of Elyvilon.
  2756 | D:2      | Cast into level 1 of the Abyss (Lugonu's touch)
  2785 | Abyss:1  | Noticed a raiju
  2813 | Abyss:1  | Noticed a raiju
  2814 | Abyss:1  | Noticed a raiju
  2816 | Abyss:1  | Killed from afar by a raiju

Skill      XL: |  1  2  3 |
---------------+----------+-----
Polearms       | 3 |  3.6
Dodging        | 3 |  3.5
Armour         | 1 |  1.1
Fighting       | |  2.5
Throwing       | |  1.9
Stealth        | |  0.4

Action                   |  1- 3 |  4- 6 || total
-------------------------+-------+-------++-------
Melee: Trident           |   148 |    57 ||   205
  Eat: Chunk             |     4 |     2 ||     6
Armor: Leather armour    |    13 |       ||    13
       Chain mail        |    64 |    21 ||    85
Dodge: Dodged            |    68 |     7 ||    75
Block: Shield            |       |    17 ||    17
